Map: Ulrena

Players

Chris (MCanning) - Winner!

  • Race: Protoss Protoss
  • League: Diamond

Nesnow

  • Race: Terran Terran
  • League: Platinum

VOD

Have the link to the VOD?

Description

Time

  • Played on: Nov. 11, 2015, 3:26 a.m.
  • Length: 15:22
Show
View Real Time Build Order
Export as new Build Order

Chris Protoss - Winner!

Build Orders: 1 Gate Expand, Blink Stalkers 

Get SALT Encoding   

  12  0:01  Probe (Chrono Boost)  
  13  0:12  Probe (Chrono Boost)  
  14  0:18  Pylon  
  14  0:22  Probe (Chrono Boost)  
  15  0:37  Probe (Chrono Boost)  
  15  0:40  Gateway  
  16  0:47  Probe (Chrono Boost)  
  17  0:57  Assimilator  
  17  0:58  Probe (Chrono Boost)  
  18  1:08  Probe (Chrono Boost)  
  19  1:22  Nexus  
  19  1:32  Cybernetics Core  
  19  1:36  Assimilator  
  19  1:38  Probe (Chrono Boost)  
  20  1:49  Probe (Chrono Boost)  
  21  1:55  Pylon  
  21  2:00  Probe (Chrono Boost)  
  22  2:14  Mothership Core (Chrono Boost)  
  24  2:19  Adept (Chrono Boost)  
  26  2:26  Warp Gate  
  26  2:32  Probe (Chrono Boost)  
  27  2:37  Probe (Chrono Boost)  
  27  2:40  Pylon  
  28  2:46  Probe (Chrono Boost)  
  28  2:49  Twilight Council, Probe (Chrono Boost)  
  28  2:50  Adept  
  32  2:57  Probe (Chrono Boost)  
  33  2:59  Probe (Chrono Boost)  
  34  3:11  Robotics Facility  
  34  3:13  Probe (Chrono Boost)  
  34  3:14  Probe (Chrono Boost)  
  36  3:24  Probe (Chrono Boost)  
  36  3:25  Probe (Chrono Boost)  
  38  3:35  Probe x2 (Chrono Boost)  
  38  3:39  Blink (Chrono Boost)  
  40  3:45  Probe x2 (Chrono Boost)  
  42  3:49  Gateway  
  42  3:52  Gateway  
  42  3:55  Probe  
  42  3:56  Probe  
  42  4:01  Observer (Chrono Boost)  
  45  4:07  Probe  
  45  4:08  Pylon  
  45  4:09  Probe  
  47  4:14  Pylon  
  47  4:18  Observer  
  47  4:19  Probe  
  47  4:21  Probe  
  50  4:25  Assimilator  
  50  4:27  Assimilator  
  50  4:28  Pylon  
  50  4:31  Probe  
  50  4:33  Probe  
  50  4:34  Pylon  
  50  4:37  Observer, Zealot  
  54  4:43  Probe  
  56  4:45  Probe  
  56  4:47  Forge  
  57  4:55  Probe  
  57  4:57  Probe (Chrono Boost)  
  51  5:09  Probe (Chrono Boost)  
  51  5:10  Probe (Chrono Boost)  
  51  5:14  Stalker x3  
  55  5:16  Immortal  
  55  5:20  Probe (Chrono Boost)  
  65  5:21  Probe (Chrono Boost)  
  65  5:28  Protoss Ground Weapons Level 1 (Chrono Boost)  
  65  5:31  Probe (Chrono Boost)  
  65  5:33  Probe (Chrono Boost)  
  66  5:40  Robotics Bay  
  66  5:41  Probe (Chrono Boost)  
  67  5:45  Probe (Chrono Boost)  
  68  5:50  Pylon  
  68  5:57  Nexus  
  68  6:00  Pylon  
  68  6:01  Observer  
  69  6:08  Gateway  
  69  6:10  Gateway  
  69  6:18  Gateway  
  69  6:25  Probe (Chrono Boost), Pylon  
  70  6:26  Disruptor  
  70  6:27  Sentry  
  75  6:35  Stalker x2  
  75  6:39  Probe (Chrono Boost)  
  78  6:44  Pylon  
  78  6:52  Gateway  
  78  6:53  Gateway  
  78  6:54  Probe  
  78  6:58  Pylon  
  79  7:02  Disruptor, Pylon  
  79  7:04  Stalker, Pylon  
  84  7:09  Probe  
  84  7:11  Probe x2  
  87  7:19  Protoss Ground Armor Level 1 (Chrono Boost)  
  87  7:21  Probe  
  87  7:22  Probe  
  88  7:23  Probe  
  88  7:28  Stalker  
  90  7:32  Probe  
  90  7:34  Probe  
  90  7:35  Probe  
  93  7:40  Stalker  
  93  7:41  Stalker x2  
  93  7:42  Probe, Disruptor  
  99  7:46  Probe  
  99  7:47  Probe  
  105  7:54  Stalker, Probe  
  105  7:58  Probe  
  109  7:59  Probe  
  109  8:04  Stalker x3  
  116  8:06  Probe  
  116  8:08  Assimilator  
  117  8:12  Assimilator  
  117  8:14  Pylon  
  111  8:20  Probe  
  111  8:25  Zealot x3  
  106  8:32  Stalker x3  
  106  8:33  Probe  
  100  8:42  Probe  
  100  8:46  Mothership Core  
  103  8:50  Probe  
  103  8:54  Probe  
  103  8:55  Disruptor  
  105  8:58  Stalker x5  
  105  8:59  Stalker  
  105  9:01  Probe  
  119  9:06  Probe  
  119  9:07  Probe  
  121  9:11  Probe  
  121  9:15  Pylon  
  122  9:17  Pylon  
  122  9:18  Probe  
  122  9:19  Probe, Pylon  
  122  9:22  Probe  
  125  9:26  Disruptor  
  125  9:30  Probe  
  127  9:42  Probe  
  127  9:44  Stalker x3  
  127  9:45  Stalker  
  134  9:46  Stalker x2  
  112  10:09  Disruptor  
  112  10:14  Probe  
  108  10:16  Probe  
  108  10:17  Probe  
  108  10:18  Stalker  
  108  10:19  Stalker x2  
  108  10:20  Stalker x4  
  127  10:26  Probe  
  128  10:29  Protoss Ground Armor Level 2 (Chrono Boost)  
  128  10:33  Pylon  
  128  10:34  Pylon  
  128  10:40  Disruptor  
  128  10:43  Zealot  
  128  10:45  Zealot  
  128  10:47  Zealot  
  128  10:49  Pylon  
  137  10:57  Charge (Chrono Boost)  
  135  11:05  Probe, Pylon  
  135  11:07  Adept x3  
  135  11:08  Adept x4  
  148  11:11  Disruptor  
  148  11:14  Probe  
  152  11:24  Adept  
  148  11:33  Probe  
  147  11:43  Probe  
  147  11:46  Probe  
  147  11:48  Probe  
  139  11:56  Probe, Disruptor  
  139  11:58  Stalker x6  
  139  11:59  Stalker x2  
  152  12:02  Probe  
  153  12:08  Dark Shrine  
  153  12:11  Probe  
  154  12:16  Nexus  
  154  12:18  Pylon  
  154  12:21  Zealot  
  154  12:22  Zealot x2  
  158  12:26  Resonating Glaives (Chrono Boost)  
  158  12:27  Disruptor  
  158  12:32  Zealot x2  
  158  12:33  Zealot x2  
  169  12:40  Protoss Ground Armor Level 3 (Chrono Boost)  
  169  12:47  Pylon  
  169  12:54  Templar Archives  
  169  12:55  Probe  
  169  12:58  Disruptor  
  162  13:12  Adept x2  
  147  13:13  Adept x2  
  139  13:26  Probe  
  134  13:27  Probe  
  134  13:29  Disruptor  
  134  13:30  Probe  
  131  13:44  Stalker x2  
  131  13:45  Stalker x6  
  131  13:47  Probe  
  148  13:48  Probe  
  148  13:54  Assimilator x2  
  149  14:00  Disruptor  
  150  14:15  Nexus  
  150  14:17  Pylon  
  150  14:22  Adept  
  150  14:23  Adept x4  
  158  14:31  Disruptor  
  158  14:34  Dark Templar x2  
  158  14:36  Dark Templar  
  167  14:39  Probe  
  168  14:49  Dark Templar  
  168  14:50  Dark Templar  
  168  14:51  Dark Templar  
  174  14:53  Dark Templar x2  
  163  15:13  Stalker x2  
  163  15:14  Stalker x3  
Show
View Real Time Build Order
Export as new Build Order

Nesnow Terran 

Build Orders: MMM Bio 

Get SALT Encoding   

  12  0:04  SCV  
  13  0:16  SCV  
  13  0:20  Supply Depot  
  15  0:28  SCV  
  15  0:41  SCV  
  16  0:44  Barracks  
  16  0:47  Refinery  
  16  0:53  SCV  
  17  1:05  SCV  
  18  1:18  SCV  
  19  1:32  Orbital Command  
  19  1:33  Barracks Reactor  
  19  1:47  Command Center  
  19  1:57  Supply Depot  
  19  1:58  SCV  
  20  2:09  Marine  
  20  2:10  Marine  
  20  2:11  SCV  
  23  2:23  Barracks  
  23  2:25  SCV  
  23  2:27  Factory  
  24  2:31  Marine x2  
  26  2:37  Bunker  
  26  2:43  SCV  
  27  2:51  Supply Depot, Marine x2  
  29  2:55  SCV  
  30  3:02  Orbital Command  
  30  3:15  SCV  
  30  3:18  Supply Depot  
  31  3:22  Marine x2  
  31  3:25  Starport  
  33  3:30  SCV  
  33  3:31  Widow Mine  
  33  3:33  SCV  
  37  3:41  Marine x2  
  37  3:43  SCV  
  37  3:45  SCV  
  41  3:56  SCV  
  41  3:57  Engineering Bay  
  41  3:59  Marine x2  
  41  4:00  SCV  
  45  4:03  Medivac, Widow Mine  
  45  4:08  SCV  
  50  4:12  SCV  
  50  4:16  Barracks  
  51  4:18  Barracks  
  51  4:19  Refinery  
  51  4:20  Refinery  
  51  4:25  SCV x2, Marine x2  
  55  4:31  Missile Turret  
  55  4:34  Starport Tech Lab  
  55  4:37  Factory Tech Lab, SCV  
  56  4:39  SCV  
  56  4:43  Marine x2  
  59  4:49  Supply Depot, SCV  
  59  4:51  SCV  
  60  4:54  Supply Depot  
  60  5:02  SCV  
  60  5:03  SCV  
  60  5:12  Combat Shields, Stimpack  
  60  5:14  SCV, Marauder x2  
  63  5:15  SCV, Marine x2  
  63  5:16  Factory Reactor  
  63  5:17  Starport Reactor  
  66  5:26  SCV  
  67  5:30  Supply Depot  
  67  5:33  SCV  
  68  5:37  Terran Infantry Weapons Level 1  
  68  5:38  Barracks  
  68  5:39  SCV, Barracks  
  68  5:41  Refinery  
  69  5:45  Marauder x2  
  69  5:47  Marine x2  
  69  5:49  SCV  
  76  5:53  Supply Depot  
  76  5:54  SCV  
  77  6:00  Medivac x2  
  77  6:02  Widow Mine  
  77  6:03  Widow Mine  
  85  6:05  SCV  
  86  6:15  SCV  
  87  6:18  Supply Depot  
  87  6:19  Supply Depot  
  87  6:20  Marauder x2  
  90  6:31  Widow Mine x2  
  94  6:40  Medivac x2  
  94  6:43  Marauder x2  
  94  6:44  Barracks Reactor, Barracks Tech Lab  
  94  6:45  Marine x2  
  104  6:52  Supply Depot  
  104  6:54  Supply Depot  
  104  6:57  SCV x2  
  106  7:05  Supply Depot  
  106  7:06  Supply Depot  
  106  7:07  Widow Mine x2  
  110  7:14  Marauder x2  
  114  7:18  Medivac x2  
  114  7:21  Marine x4  
  122  7:33  Marauder  
  122  7:35  Marauder x2  
  128  7:37  Widow Mine x2  
  128  7:40  Supply Depot  
  128  7:43  Supply Depot  
  132  7:46  Terran Infantry Armor Level 1  
  132  8:02  Marine x3, Marauder x3  
  138  8:06  Widow Mine  
  138  8:09  Command Center  
  116  8:32  Marine, Marauder  
  116  8:33  Marauder x2, Marine  
  109  8:37  Medivac x2  
  108  8:42  SCV  
  108  8:43  SCV  
  108  8:46  Widow Mine  
  108  8:47  Widow Mine  
  110  8:51  Armory  
  104  8:58  Marauder x3, Marine x4  
  116  9:02  SCV x2  
  116  9:04  Barracks x2  
  116  9:05  Barracks  
  116  9:15  Widow Mine x2, Medivac x2  
  122  9:19  Marauder  
  122  9:20  Marauder  
  122  9:21  Marine  
  127  9:36  Marauder  
  129  9:41  Marauder  
  129  9:42  Marauder  
  121  9:57  Marauder  
  121  9:59  Medivac x2  
  124  10:02  Marauder  
  124  10:04  Marauder  
  124  10:05  Marine x5  
  124  10:06  Barracks Reactor, Barracks Tech Lab  
  97  10:15  Orbital Command  
  97  10:16  SCV  
  97  10:17  SCV  
  97  10:19  Marauder  
  97  10:22  Terran Infantry Weapons Level 2  
  97  10:23  Engineering Bay  
  97  10:32  Marauder x2  
  101  10:38  Barracks Reactor  
  101  10:39  Marauder  
  101  10:40  Marauder  
  101  10:42  Marine x3  
  105  10:43  Marine  
  109  10:52  Medivac x2  
  109  10:55  Widow Mine x2  
  109  10:56  Marauder  
  109  10:57  Marauder  
  121  11:00  Marauder  
  119  11:07  Marine x2, Marauder  
  119  11:08  Marine x4  
  127  11:18  Marauder x2  
  131  11:22  Medivac x2, Marauder  
  131  11:24  Marine x2  
  131  11:25  Marine  
  139  11:26  Terran Infantry Armor Level 2  
  139  11:28  Marauder  
  128  11:39  Marauder x2  
  128  11:43  Marauder  
  116  11:50  Marauder  
  116  11:52  Medivac  
  110  11:55  Medivac  
  110  11:58  Marine x6  
  110  11:59  Marine x2  
  110  12:01  Marauder x2  
  118  12:04  Marauder  
  118  12:06  Refinery  
  118  12:07  Refinery  
  120  12:11  Marauder, Widow Mine  
  124  12:16  Marine x8  
  124  12:22  Medivac, Marauder  
  136  12:23  Marine  
  136  12:25  Marine  
  138  12:32  Marine  
  138  12:34  Marine x3  
  142  12:42  Marauder  
  142  12:43  Marauder  
  146  12:45  Marauder  
  146  12:47  Marine x4  
  146  12:48  Marine  
  146  12:50  Marauder  
  155  12:51  Marine  
  145  13:03  Marauder  
  110  13:13  Marine, Marauder  
  110  13:14  Marine x5  
  110  13:19  Marauder, Marine x2  
  79  13:45  Marauder x2, Marine x7  
  90  13:54  Marauder  
  92  14:08  Marauder x3  
  90  14:18  Orbital Command  
  90  14:22  Marauder, Marine x2  
  94  14:30  Marauder  
  96  14:32  Marauder x2  
  100  14:46  Marine x3  
  100  14:47  Marauder, Marine  
  106  15:02  Marine x2  
  84  15:08  Missile Turret  
Tags
 
Add a new tag
Caveats
  • Supply blocks, unpowered buildings, or Contaminate may cause inaccurate times.
  • Supply counts are checked every 10 seconds.